 Dungeon Crawl Stone Soup version 0.30.1-4-g462c640d31 (webtiles) character file.

Game seed: 1536994985149278847

133 Kurtz the Chopper (level 5, -2/32 HPs)
             Began as a Tengu Fighter on Sept 15, 2023.
             Killed from afar by an orc wizard (5 damage)
             ... with a magic dart
             ... on level 3 of the Dungeon.
             The game lasted 00:04:48 (2155 turns).

Kurtz the Chopper (Tengu Fighter)                   Turns: 2155, Time: 00:04:49

Health: -2/32      AC: 10    Str: 16    XL:     5   Next: 16%
Magic:  6/6        EV: 13    Int:  8    God:
Gold:   109        SH:  5    Dex: 16    Spells: 4/4 levels left

rFire   . . .        a - +0 war axe
rCold   + . .        c - +0 buckler
rNeg    . . .        e - +0 chain mail
rPois   .            (helmet restricted)
rElec   .            (no cloak)
rCorr   .            i - +0 pair of gloves
SInv    .            (boots unavailable)
Will    .....        (no amulet) Stlth
                     f - ring of protection from cold
HPRegen 0.25/turn    o - +5 ring of evasion
MPRegen 0.10/turn

%: no passive effects
@: flying quickly and evasively, quick
A: beak, talons 3, nimble flight
a: no special abilities


You were on level 3 of the Dungeon.
You visited 1 branch of the dungeon, and saw 4 of its levels.

You collected 109 gold pieces.

Inventory:

Hand Weapons
 a - a +0 war axe (weapon)
 r - a +0 war axe
Armour
 b - a +0 scale mail
 c - a +0 buckler (worn)
 e - a +0 chain mail (worn)
 i - a +0 pair of gloves (worn)
Jewellery
 f - a ring of protection from cold (left hand)
 n - a ring of resist corrosion
 o - a +5 ring of evasion (right hand)
Scrolls
 g - a scroll of teleportation {unknown}
 j - 4 scrolls of identify {unknown}
 k - 2 scrolls of enchant armour {unknown}
 l - a scroll of noise {unknown}
 m - a scroll of magic mapping {unknown}
 q - a scroll of poison {unknown}
 t - a scroll of blinking {unknown}
Potions
 d - a potion of might
 h - a potion of curing {unknown}
 p - a potion of haste {unknown}


   Skills:
 + Level 3.5 Fighting
 + Level 4.1 Axes
 + Level 3.8 Armour
 + Level 1.1 Dodging
 + Level 3.5 Shields


You had 4 spell levels left.
You didn't know any spells.
Your spell library contained the following spells:

 Spells                   Type           Power      Damage    Failure   Level
 Ignite Poison            Fire/Tmut/Pois 0%         N/A       100%        3
 Tukima's Dance           Hex            0%         N/A       100%        3
 Passage of Golubria      Tloc           0%         N/A       100%        4
 Sticky Flame             Conj/Fire      0%         2d3       100%        4
 Yara's Violent Unravell  Hex/Tmut       0%         3d3       100%        5
 Ignition                 Fire           0%         3d3       100%        8


Dungeon Overview and Level Annotations

Branches:
Dungeon (4/15)
 Temple: D:4-7

Altars:
Fedhas
Qazlal

Shops:
D:1 :


Innate Abilities, Weirdness & Mutations

You have a beak for a mouth.
You have claws for feet.
Your magical nature lets you fly swiftly and evasively.


Message History

You kill the orc priest!
You barely miss something.
The orc throws a boomerang.
The boomerang hits you but does no damage.
Something barely misses you.
Your Axes skill increases to level 4!
You have reached level 5!
Your magical nature develops, letting you fly swiftly and evasively.
You closely miss something. Your peck misses something.
You hear some strange, mumbled words.
Something tries to affect you, but you resist.
You hear some strange, mumbled words.
Something tries to affect you, but you resist.
The orc throws a boomerang.
The boomerang barely misses you.
You hit something. Your kick misses something.
Something hits you but does no damage.
You closely miss something. Your peck misses something.
You hear some strange, mumbled words.
A puff of flame appears from out of thin air!
The puff of flame hits you.
* * * LOW HITPOINT WARNING * * *
You miss something. Your peck misses something.
You hear some strange, mumbled words.
A magic dart appears from out of thin air!
The magic dart hits you.
* * * LOW HITPOINT WARNING * * *
Aiming: Throw Flame
Press: ? - help, Shift-Dir - straight line, f - worm
Aim: a worm (89% to hit)
The puff of flame hits something.
You block something's attack.
Aiming: Throw Flame
Press: ? - help, Shift-Dir - straight line, f/p - worm
Aim: a worm (89% to hit)
The puff of flame hits something.
The now-empty wand crumbles to dust.
The orc throws a boomerang.
The boomerang barely misses you. Something barely misses you.
You miss something. Your kick misses something.
You hear some strange, mumbled words.
A magic dart appears from out of thin air!
The magic dart hits you.
You die...

#### #########
....# ......[.#
....# ........#
.....# .?......#
###...#
........####{..# #
..........ow@###.#
#..........##....#
..#####..).##.####
. ####....# #...##
#..(# ##..##
#.o.### #...†.#


You could see a worm and an orc.

Vanquished Creatures
  An orc priest (D:3)
  Robin (D:3)
  An adder (D:2)
  2 worms
  2 dart slugs (D:1)
  6 ball pythons
  6 bats
  8 endoplasms
  17 goblins
  5 hobgoblins
  4 jackals (D:2)
  4 kobolds
  2 quokkas
  2 frilled lizards (D:2)
  3 rats
64 creatures vanquished.

Notes
Turn   | Place    | Note
-------+----------+-------------------------------------------
     0 | D:1      | Kurtz the Tengu Fighter began the quest for the Orb.
     0 | D:1      | Reached XP level 1. HP: 14/14 MP: 2/2
   146 | D:1      | Reached XP level 2. HP: 19/19 MP: 3/3
   443 | D:1      | Reached XP level 3. HP: 23/23 MP: 4/4
   505 | D:1      | Found Xacrof Jani's Book Emporium.
  1169 | D:2      | Reached skill level 3 in Axes
  1251 | D:2      | Found a faded altar of an unknown god.
  1457 | D:2      | Reached XP level 4. HP: 23/28 MP: 5/5
  1575 | D:2      | You fall into a shaft and drop 2 floors!
  2005 | D:3      | Found a stormy altar of Qazlal.
  2006 | D:3      | Found a blossoming altar of Fedhas.
  2032 | D:3      | Noticed Robin
  2043 | D:3      | Killed Robin
  2053 | D:3      | Reached skill level 1 in Dodging
  2149 | D:3      | Reached skill level 4 in Axes
  2149 | D:3      | Gained mutation: Your magical nature lets you fly swiftly
                  | and evasively. [Tengu growth]
  2149 | D:3      | Reached XP level 5. HP: 8/32 MP: 6/6
  2155 | D:3      | Killed from afar by an orc wizard

Illustrated notes

Levels and vault maps discovered:
D:1:      kilobyte_arrival_exit_the_forest, layout_basic, serial_shops,
          nicolae_book_shop_shelving
D:2:      minmay_door_path, layout_basic, basic_ecumenical_altar
D:3:      layout_rooms, grunt_temple_overflow_forces_of_nature,
          nicolae_vehumet_altar_sigil, old_standard_altar, uniq_robin
D:4:      layout_cave_pools, led_sif_book, mainiacjoe_overflow_small_starburst,
          grunt_decor_junction, uniq_eustachio

Skill      XL: |  1  2  3  4 |
---------------+-------------+-----
Axes           | 3 4 |  4.1
Dodging        | 1 |  1.1
Fighting       | |  3.5
Armour         | |  3.8
Shields        | |  3.5

Action                     |  1- 3 |  4- 6 || total
---------------------------+-------+-------++-------
  Melee: War axe           |    90 |    60 ||   150
         Peck              |     9 |     6 ||    15
         Kick              |    16 |    13 ||    29
  Evoke: Wand              |       |     2 ||     2
 Armour: Scale mail        |    12 |       ||    12
         Chain mail        |    34 |    26 ||    60
  Dodge: Dodged            |    28 |    24 ||    52
  Block: Buckler           |    23 |    15 ||    38
